 Dungeon Crawl Stone Soup version 0.27.1-33-g824d729ab1 (webtiles) character file.

Game seed: 12379803091959007577

175 ces the Fighter (level 5, -2/51 HPs)
             Began as a Gnoll Wanderer on Dec 8, 2021.
             Slain by Natasha (7 damage)
             ... on level 2 of the Dungeon.
             The game lasted 00:05:15 (3216 turns).

ces the Fighter (Gnoll Wanderer)                    Turns: 3216, Time: 00:05:15

Health: -2/51      AC:  8    Str: 11 (13) XL:     5   Next: 55%
Magic:  7/7        EV:  8    Int: 12 (13) God:
Gold:   77         SH:  0    Dex:  8 (9)  Spells: 7/7 levels left

rFire    . . .     SeeInvis .   a - +0 hand axe
rCold    . . .     Faith    .   (no shield)
rNeg     . . .     Spirit   .   b - +2 scale mail
rPois    .         Reflect  .   (no helmet)
rElec    .         Harm     .   (no cloak)
rCorr    .         Rampage  .   (no gloves)
Will     .....                  (no boots)
Stlth    +.........             (no amulet)
HPRegen  0.17/turn              (no ring)
MPRegen  0.10/turn              (no ring)

@: no status effects
A: fangs 1, strong nose, distributed training
a: no special abilities


You were on level 2 of the Dungeon.
You visited 1 branch of the dungeon, and saw 2 of its levels.

You collected 77 gold pieces.

Inventory:

Hand Weapons
 a - a +0 hand axe (weapon)
 d - a +0 dagger
Armour
 b - a +2 scale mail (worn)
Jewellery
 e - a ring of positive energy
Wands
 j - a wand of paralysis (9)
Scrolls
 c - a scroll of teleportation
 f - 2 scrolls of enchant weapon {unknown}
 g - a scroll of torment {unknown}
 i - a scroll of fear {unknown}
 k - a scroll of identify {unknown}
 l - a scroll of acquirement {unknown}


   Skills:
 + Level 8.6 Fighting
 + Level 1.5 Short Blades
 + Level 1.5 Long Blades
 + Level 4.8 Axes
 + Level 3.0 Maces & Flails
 + Level 1.5 Polearms
 + Level 1.5 Staves
 + Level 1.5 Slings
 + Level 1.5 Bows
 + Level 1.5 Crossbows
 + Level 1.5 Throwing
 + Level 3.0 Armour
 + Level 1.5 Dodging
 + Level 4.4 Stealth
 + Level 1.5 Shields
 + Level 1.5 Unarmed Combat
 + Level 1.5 Spellcasting
 + Level 1.2 Conjurations
 + Level 1.2 Hexes
 + Level 1.2 Summonings
 + Level 1.2 Necromancy
 + Level 1.2 Translocations
 + Level 1.2 Transmutations
 + Level 1.2 Fire Magic
 + Level 1.2 Ice Magic
 + Level 1.2 Air Magic
 + Level 1.2 Earth Magic
 + Level 1.2 Poison Magic
 + Level 1.7 Invocations
 + Level 1.5 Evocations


You had 7 spell levels left.
You didn't know any spells.
Your spell library contained the following spells:

 Spells                   Type           Power      Damage    Failure   Level
 Sting                    Tmut/Pois      12%        1d3       67%         1
 Corpse Rot               Necr/Air       N/A        N/A       82%         2
 Poisonous Vapours        Pois/Air       6%         N/A       82%         2
 Dispel Undead            Necr           3%         3d7       100%        4
 Olgreb's Toxic Radiance  Pois           3%         N/A       100%        4
 Death Channel            Necr           1%         N/A       100%        6


Dungeon Overview and Level Annotations

Branches:
Dungeon (2/15)

Altars:

Shops:
D:2 (

Annotations:
D:2 1 runed translucent door, Crazy Yiuf, Natasha


Innate Abilities, Weirdness & Mutations

You have very sharp teeth.
Your uncanny sense of smell can sniff out nearby items.
Your experience applies equally to all skills.


Message History

You hit Natasha but do no damage. Your bite misses Natasha.
You barely miss the crimson imp. The crimson imp hits you.
Natasha completely misses you.
You closely miss Natasha. You hit the crimson imp.
The crimson imp barely misses you.
Natasha mumbles some strange words.
You closely miss the crimson imp.
The crimson imp is moderately wounded.
You hit the iron imp. You hit Natasha.
The crimson imp blinks!
Natasha claws you.
You hit the iron imp but do no damage.
The iron imp is lightly wounded.
You hit Natasha but do no damage. The iron imp hits you.
Natasha claws you but does no damage.
You hit the iron imp but do no damage.
The iron imp is lightly wounded.
You hit Natasha. Natasha completely misses you. The iron imp hits you!
You hit Natasha but do no damage.
Natasha is heavily wounded.
You barely miss the iron imp. Natasha claws you! The iron imp hits you.
You are too injured to fight recklessly!
You are too injured to fight recklessly!
You are too injured to fight recklessly!
You closely miss Natasha.
Natasha is heavily wounded.
You closely miss the iron imp. You hit the crimson imp.
The crimson imp blinks!
Natasha completely misses you. The iron imp hits you.
You closely miss Natasha.
Natasha is heavily wounded.
You hit the iron imp. Natasha claws you.
* * * LOW HITPOINT WARNING * * *
The iron imp hits you but does no damage.
It was a potion of degeneration.
There was something very wrong with that liquid.
You feel weakened.
You feel dopey.
You feel clumsy. Natasha claws you but does no damage.
The crimson imp barely misses you. The iron imp hits you.
* * * LOW HITPOINT WARNING * * *
Natasha claws you!
You die...

...##...##..................)....
...#.###.#.......................
.#..##.##.......###.....#........
.##.............# #.....##'######
................# #.....##.# #<
.#########......###.....##.# #.
.#############..5.......##.# #.
.#.......# ##..5h..######.# #.
.#.#####.# #...@#### #.# #.
.#.#.)<#.# ##..## ###'#####.
.#'#'###.# #....# ####......##.
.........# #...## #........[##.
)...>....# ##.## #.........##.
.........# #.## #.........##.
.#.#.###.# ##.# #......######
.#.#.# #.# #.## ######[......
.#.#.# #.# ##.# ######.######


You could see an iron imp (summoned), Natasha and a crimson imp (summoned).

Vanquished Creatures
  Jessica (D:2)
  Natasha (twice) (D:2)
  Robin (D:2)
  2 worms (D:2)
  3 dart slugs
  8 ball pythons
  7 bats
  6 endoplasms
  5 giant cockroaches
  11 goblins
  9 hobgoblins
  6 jackals
  5 frilled lizards
  6 kobolds
  4 rats (D:1)
76 creatures vanquished.

Notes
Turn   | Place    | Note
-------+----------+-------------------------------------------
     0 | D:1      | ces the Gnoll Wanderer began the quest for the Orb.
     0 | D:1      | ces set off with the following items: a +0 hand axe, a +2
                  | scale mail, a scroll of teleportation, a +0 dagger
     0 | D:1      | Reached XP level 1. HP: 26/26 MP: 1/1
   131 | D:1      | Reached XP level 2. HP: 33/33 MP: 2/2
   790 | D:1      | Reached XP level 3. HP: 38/38 MP: 3/3
  1064 | D:1      | Reached skill level 1 in Invocations
  1536 | D:2      | Noticed Jessica
  1550 | D:2      | Killed Jessica
  1551 | D:2      | Reached skill level 1 in Short Blades
  1551 | D:2      | Reached skill level 1 in Long Blades
  1551 | D:2      | Reached skill level 1 in Polearms
  1551 | D:2      | Reached skill level 1 in Staves
  1551 | D:2      | Reached skill level 1 in Slings
  1551 | D:2      | Reached skill level 1 in Bows
  1551 | D:2      | Reached skill level 1 in Crossbows
  1551 | D:2      | Reached skill level 1 in Throwing
  1551 | D:2      | Reached skill level 1 in Dodging
  1551 | D:2      | Reached skill level 1 in Shields
  1551 | D:2      | Reached skill level 1 in Unarmed Combat
  1551 | D:2      | Reached skill level 1 in Spellcasting
  1551 | D:2      | Reached skill level 1 in Evocations
  1551 | D:2      | Reached XP level 4. HP: 37/45 MP: 5/5
  1950 | D:2      | Noticed Natasha
  1962 | D:2      | Killed Natasha
  1963 | D:2      | Reached skill level 1 in Conjurations
  1963 | D:2      | Reached skill level 1 in Hexes
  1963 | D:2      | Reached skill level 1 in Summonings
  1963 | D:2      | Reached skill level 1 in Necromancy
  1963 | D:2      | Reached skill level 1 in Translocations
  1963 | D:2      | Reached skill level 1 in Transmutations
  1963 | D:2      | Reached skill level 1 in Fire Magic
  1963 | D:2      | Reached skill level 1 in Ice Magic
  1963 | D:2      | Reached skill level 1 in Air Magic
  1963 | D:2      | Reached skill level 1 in Earth Magic
  1963 | D:2      | Reached skill level 1 in Poison Magic
  2155 | D:2      | Reached XP level 5. HP: 50/51 MP: 6/6
  2159 | D:2      | Noticed Robin
  2611 | D:2      | Killed Robin
  2775 | D:2      | Found a runed translucent door.
  2776 | D:2      | Noticed Crazy Yiuf
  2910 | D:2      | Noticed Natasha
  2920 | D:2      | Killed Natasha
  3085 | D:2      | Found Gyrou's Antique Weapon Emporium.
  3197 | D:2      | Noticed Natasha
  3216 | D:2      | Slain by Natasha

Illustrated notes

Levels and vault maps discovered:
D:1:      lemuel_arrival_rhombus, layout_loops_corners
D:2:      layout_basic, serial_shops, nicolae_shop_statue_plus,
          minmay_heptomino_d4, uniq_robin, uniq_jessica,
          uniq_crazy_yiuf_cottage, uniq_natasha

Skill      XL: |  1  2  3  4  5 |
---------------+----------------+-----
Invocations    | 1 |  1.7
Short Blades   | 1 |  1.5
Long Blades    | 1 |  1.5
Polearms       | 1 |  1.5
Staves         | 1 |  1.5
Slings         | 1 |  1.5
Bows           | 1 |  1.5
Crossbows      | 1 |  1.5
Throwing       | 1 |  1.5
Dodging        | 1 |  1.5
Shields        | 1 |  1.5
Unarmed Combat | 1 |  1.5
Spellcasting   | 1 |  1.5
Evocations     | 1 |  1.5
Conjurations   | 1 |  1.2
Hexes          | 1 |  1.2
Summonings     | 1 |  1.2
Necromancy     | 1 |  1.2
Translocations | 1 |  1.2
Transmutations | 1 |  1.2
Fire Magic     | 1 |  1.2
Ice Magic      | 1 |  1.2
Air Magic      | 1 |  1.2
Earth Magic    | 1 |  1.2
Poison Magic   | 1 |  1.2
Maces & Flails | 3 |  3.0
Armour         | 3 |  3.0
Fighting       | |  8.6
Axes           | |  4.8
Stealth        | |  4.4

Action                   |  1- 3 |  4- 6 || total
-------------------------+-------+-------++-------
Melee: Hand axe          |   112 |   167 ||   279
       Bite              |     8 |    14 ||    22
       Punch             |       |     1 ||     1
  Use: Potion            |       |     1 ||     1
Armor: Scale mail        |    59 |    94 ||   153
Dodge: Dodged            |    38 |   112 ||   150
